[Event "Early-Titled-Tuesday-Blitz-February-13-2024"]
[Site "Chess.com"]
[Date "2024.02.13"]
[Round "4"]
[White "Gryffindorac8"]
[Black "VinzentSpitzl"]
[Result "1-0"]
[WhiteElo "2401"]
[BlackElo "2511"]
[TimeControl "180+1"]
[EndTime "8:44:23 PST"]
[Termination "Gryffindorac8 won by checkmate"]

1. d4 Nf6 2. c4 e6 3. Nf3 d5 4. g3 Bb4+ 5. Bd2 Be7 6. Bg2 O-O 7.
O-O Nbd7 8. Qb3 Ne4 9. Bb4 Bxb4 10. Qxb4 a5 11. Qb3 a4 12. Qc2 c6 13. Nbd2 Ndf6 14.
Rfd1 Qe7 15. Nxe4 Nxe4 16. Ne5 f6 17. Nd3 Nd6 18. b3 b6 19. c5 Nf5 20. cxb6 Nxd4 21.
Qb2 e5 22. bxa4 Rxa4 23. Rab1 Bb7 24. e3 Ne6 25. Bh3 Nc5 26. Nxc5 Qxc5 27. Rdc1 Qd6 28. Qb3 Rfa8 29. Rb2 Ra3 30. Qc2 g6 31. Bf1 Kf7 32.
h4 R3a5 33. Bd3 Kg7 34. Be2 f5 35. f4 Ra3 36. Kf2 Re8 37. Rb3 Ra4 38. Qb2 Kf7 39. Bf3 exf4 40. gxf4 Qe7 41. Qc3 Qxh4+ 42. Kg2 Raa8 43.
Rc2 Rad8 44. Qd4 Re7 45. Ra3 Rde8 46. Ra7 g5 47. fxg5 Qxg5+ 48. Kf2 Kg8 49. Rc1 Rg7 50. Rxb7 Rxb7 51. Rg1 Rg7 52. Rxg5 Rxg5 53. Qf6 Rg7 54. Qxc6 Rge7 55. Bxd5+ Kg7 56. b7 Rxe3 57. Bc4 Re2+ 58. Bxe2 Re7 59. Qc8 Re3 60. b8=Q Re4 61. Qbb7+ Kg6 62.
Qxe4 Kg5 63. Qcxf5+ Kh6 64. Qxh7+ Kg5 65. Qef5# 1-0

[Event "Early-Titled-Tuesday-Blitz-February-13-2024"]
[Site "Chess.com"]
[Date "2024.02.13"]
[Round "4"]
[White "viktorskliarov"]
[Black "Igor_Lysyj"]
[Result "0-1"]
[WhiteElo "2602"]
[BlackElo "2857"]
[TimeControl "180+1"]
[EndTime "8:44:28 PST"]
[Termination "Igor_Lysyj won by resignation"]

1. e4 e5 2. Nc3 Nf6 3. Bc4 Bc5 4. d3 c6 5. Qf3 b5 6. Bb3 d6 7. h3 a5 8. a3 a4 9. Ba2 Be6 10. Nge2 Nbd7 11. O-O O-O 12. Be3 Qb6 13. Rfd1 Bxe3 14. Qxe3 Qxe3 15. fxe3 Nc5 16. Ng3 Bxa2 17. Nxa2 g6 18.
Nb4 Rac8 19. Kf2 Rfe8 20. Ke2 Nfd7 21. Rf1 Kg7 22. Kd2 f6 23. Ne2 Nb6 24. Nc3 Ncd7 25.
Rf2 h5 26. Raf1 h4 27. Ke2 Rh8 28. Kd2 Rh5 29. Ke2 Rg5 30. Kd2 Rc7 31. Ke2 Nc8 32. b3 axb3 33. cxb3 Ne7 34. Ra1 Rb7 35. Kd2 f5 36.
Kc2 Nc5 37. Nba2 Rg3 38. Re2 f4 39. exf4 exf4 40. Nb4 Ne6 41. Kb2 Nd4 42. Rf2 g5 43.
Rd1 Ng6 44. Ne2 Nxe2 45. Rxe2 Rc7 46. Rc2 c5 47. Nd5 Rf7 48. a4 bxa4 49. bxa4 Ne5 50.
a5 Nxd3+ 51. Kc3 Nb4+ 52. Kb2 Nxc2 53. Kxc2 Ra3 54. Nc3 Rxa5 55. Rxd6 f3 56. gxf3 Rxf3 57. Rd5 Kg6 58. Rd6+ Kh5 59. e5 Rxh3 60. Ne4 Ra2+ 61. Kb1 Rg2 62. Nf6+ Kg6 63. Nd7+ Kf5 64. Rf6+ Kg4 65.
Rf1 Rb3+ 66. Ka1 Re3 67. Nf6+ Kg3 68. Nh5+ Kh2 69. Nf6 Rg1 70. Rxg1 Kxg1 71. Ng4 0-1

[Event "Early-Titled-Tuesday-Blitz-February-13-2024"]
[Site "Chess.com"]
[Date "2024.02.13"]
[Round "4"]
[White "Timerkhanov"]
[Black "CFalcons8"]
[Result "1-0"]
[WhiteElo "2664"]
[BlackElo "2375"]
[TimeControl "180+1"]
[EndTime "8:44:28 PST"]
[Termination "Timerkhanov won on time"]

1. d4 Nf6 2. Bg5 d5 3. Nd2 Bf5 4.
e3 Nbd7 5. c4 e6 6. Qb3 Qc8 7.
Rc1 c6 8. Ngf3 a5 9. Bd3 a4 10. Qc2 Bxd3 11. Qxd3 a3 12. b3 Be7 13. O-O h6 14. Bh4 O-O 15. Ne5 Qd8 16. Bxf6 Bxf6 17. f4 Bxe5 18. fxe5 f5 19. exf6 Rxf6 20. e4 Qa5 21. e5 Rxf1+ 22. Rxf1 Rf8 23. Rc1 Qb6 24. Nf3 c5 25. cxd5 cxd4 26. dxe6 Qxe6 27. Qxd4 Re8 28. Re1 Rc8 29. Qe3 Re8 30. h3 Qd5 31. Qe4 Qc5+ 32. Kh1 b5 33. e6 Nf6 34. Qe5 Qc2 35. Re2 Qb1+ 36. Kh2 b4 37. e7 Qg6 38. Qe6+ Qf7 39. Qd6 Nh5 40. Qxb4 Nf4 41. Re4 Nd5 42. Qxa3 Rxe7 43. Rxe7 Nxe7 44. Qd6 Nf5 45. Qb8+ Kh7 46.
a4 Ne3 47. Qe5 Qxb3 48. a5 Nc4 49. Qe4+ Kh8 50. a6 Qb8+ 51. Kh1 Nd6 52. Qd3 Nb5 53. Nh4 Nc7 54. Ng6+ Kg8 55. Ne7+ Kh8 56. Qg6 Qa8 57. Nf5 Qf8 58. a7 Na8 59. Qe6 Qg8 60. Qe5 Qf8 61. Nxh6 Qf1+ 62. Kh2 Kh7 63. Nf5 Kg6 64. Nh4+ Kh7 65.
Qe4+ Kg8 66. Nf3 1-0

[Event "Early-Titled-Tuesday-Blitz-February-13-2024"]
[Site "Chess.com"]
[Date "2024.02.13"]
[Round "4"]
[White "ilqar_74"]
[Black "Dinosaurio_1975"]
[Result "0-1"]
[WhiteElo "2805"]
[BlackElo "2587"]
[TimeControl "180+1"]
[EndTime "8:44:31 PST"]
[Termination "Dinosaurio_1975 won by resignation"]

1. e4 e6 2. d4 d5 3. Nc3 Bb4 4. e5 c5 5. a3 Bxc3+ 6. bxc3 Qc7 7. Nf3 Ne7 8. Bd3 b6 9. a4 Ba6 10. O-O Bxd3 11. Qxd3 h6 12. a5 O-O 13. axb6 Qxb6 14.
Ba3 Nd7 15. Rfb1 Qc7 16. g4 Rfb8 17. Rb5 Rxb5 18. Qxb5 Rb8 19. Qa4 Ng6 20. Bc1 cxd4 21. cxd4 Qc3 22. Ra3 Qc8 23. Be3 Rb1+ 24. Kg2 Nb6 25.
Qxa7 Nc4 26. Qa6 Nxe3+ 27. fxe3 Qxc2+ 28. Kg3 Rb2 29. Qf1 Qe4 30. Ra8+ Kh7 31. Ra3 Rb1 32. Qh3 Kg8 33. Qg2 Rc1 34. Rb3 Rc2 35. Qf1 Rc8 36.
Qa6 Qc2 37. Rb2 Qc1 38. Qb7 Qc4 39. Rb4 Qc3 40. Rb6 Re8 41. Qd7 Rf8 42. Qb5 Qxe3 43. Qb3 Qf4+ 44. Kf2 Qxg4 45. Rb8 Rxb8 46. Qxb8+ Kh7 47.
Qe8 Qf4 48. Kg2 Nh4+ 49. Nxh4 Qg4+ 50. Kh1 Qxh4 51. Qxf7 Qe4+ 52. Kg1 Qxd4+ 53. Kg2 Qe4+ 54. Kf2 Qxe5 55. Qe8 Qf5+ 56. Ke2 d4 57. h4 d3+ 58. Kd2 e5 59. h5 e4 60. Ke3 Qf3+ 61. Kd4 Qf5 62.
Ke3 Qf3+ 63. Kd4 Qf6+ 64. Kxe4 d2 65. Qd7 Qh4+ 66. Ke3 Qe1+ 67. Kf4 Qf2+ 68. Ke4 Qe2+ 69. Kf4 d1=Q 70. Qf5+ Kg8 71. Qc8+ Kf7 72. Qc7+ Qe7 0-1

[Event "Early-Titled-Tuesday-Blitz-February-13-2024"]
[Site "Chess.com"]
[Date "2024.02.13"]
[Round "4"]
[White "Matols"]
[Black "Kotlyar_K"]
[Result "1-0"]
[WhiteElo "2405"]
[BlackElo "2547"]
[TimeControl "180+1"]
[EndTime "8:44:31 PST"]
[Termination "Matols won by checkmate"]

1. d4 Nf6 2. c4 g6 3. g3 c6 4.
Bg2 d5 5. Qb3 Qb6 6. Nf3 Bf5 7.
Nc3 Qxb3 8. axb3 Nbd7 9. cxd5 cxd5 10. Nb5 Rc8 11. Bf4 a6 12. Nc7+ Kd8 13. Ng5 Be6 14. Ncxe6+ fxe6 15. Nf7+ Ke8 16. Nxh8 Bg7 17. Nxg6 hxg6 18.
O-O Rc6 19. Rfc1 Rb6 20. Rc3 Nh5 21. e3 Nxf4 22. gxf4 Nb8 23. Bh3 Kf7 24. Rac1 Nc6 25. Kg2 Na5 26. Rc7 Rxb3 27. R1c2 Nc4 28. Kf3 Nd6 29.
Bf1 Bf6 30. R7c3 Rb6 31. Bd3 Rb4 32. b3 Rb6 33. Rc1 Rb4 34. Rg1 g5 35. fxg5 Bg7 36. g6+ Kf6 37. h4 e5 38. dxe5+ Kxe5 39. h5 Rh4 40.
Rc7 Kf6 41. Kg3 Rxh5 42. f4 Rh8 43. Rgc1 Rd8 44. b4 Rf8 45. R1c5 Ke6 46. Bc2 Rh8 47. Bd3 Rh5 48. Rc1 Rh6 49. R1c2 Rh8 50. Rh2 Rf8 51.
Rh7 Kf6 52. Kg4 Re8 53. f5 Rf8 54. Kf4 Re8 55. Rd7 Rf8 56. Bc2 Re8 57. Bb3 Nc4 58.
Bxc4 dxc4 59. Rxb7 e5+ 60. Ke4 Bf8 61. Rhf7+ Kg5 62.
g7 Bc5 63. Rbc7 Bb6 64. Rxc4 a5 65. Rc2 axb4 66. Rg2+ Kh5 67. g8=Q Rxg8 68. Rxg8 Kh6 69. Rg6+ Kh5 70. Rh7# 1-0

[Event "Early-Titled-Tuesday-Blitz-February-13-2024"]
[Site "Chess.com"]
[Date "2024.02.13"]
[Round "4"]
[White "vladgoncharov"]
[Black "BogdanDeac"]
[Result "0-1"]
[WhiteElo "2623"]
[BlackElo "2992"]
[TimeControl "180+1"]
[EndTime "8:44:34 PST"]
[Termination "BogdanDeac won by resignation"]

1. d4 Nf6 2. c4 g6 3. Nc3 Bg7 4. Nf3 O-O 5. Bg5 d6 6. e3 a6 7.
Be2 c5 8. O-O Nbd7 9. Bh4 Qc7 10.
Rc1 b6 11. Qd2 Bb7 12. d5 b5 13. b3 Nb6 14. e4 b4 15. Bxf6 exf6 16. Nb1 Bc8 17.
h3 a5 18. Bd3 a4 19. Nh2 axb3 20. axb3 Bd7 21. f4 Qd8 22. g4 f5 23. exf5 gxf5 24.
gxf5 Qh4 25. Qg2 Kh8 26. Qg4 Qh6 27. Kh1 Rg8 28. Qg5 Bf8 29. Qxh6 Bxh6 30. Ng4 Bg7 31. f6 Bf8 32. Kh2 Bxg4 33. hxg4 Rxg4 34. Rf3 Nd7 35. Bf5 Nxf6 36. Bxg4 Nxg4+ 37. Kg3 Nf6 38. Re1 Ra2 39. Rf2 Ra1 40. Rfe2 Bh6 41. Nd2 Ra3 42. Kf3 Kg8 43.
Rg1+ Kf8 44. Rh1 Bg7 45. Re3 h6 46. Ne4 Ne8 47. f5 Bd4 48. Rd3 Be5 49. Rxh6 Ke7 50. f6+ Nxf6 51. Nxf6 Bxf6 52. Ke4 Be5 53. Rh7 Ra1 54.
Rf3 Bf6 55. Kf5 Re1 56. Rhh3 Be5 57. Re3 Rg1 58. Rhf3 f6 59. Rh3 Rg5+ 60. Ke4 f5+ 61. Kd3 f4 62. Ref3 Kf6 63. Ke4 Rg1 64. Rh6+ Kg5 65. Rh7 Re1+ 66. Kd3 Kg4 67. Rf2 Re3+ 68. Kc2 Kg3 69. Rd2 Rc3+ 70. Kd1 Rxb3 71. Ke2 Re3+ 72.
Kd1 Rc3 73. Rh6 f3 74. Rg6+ Kf4 75. Rg8 Rxc4 76. Rf8+ Ke3 77. Rf7 Rd4 78. Rd3+ Rxd3+ 0-1

[Event "Early-Titled-Tuesday-Blitz-February-13-2024"]
[Site "Chess.com"]
[Date "2024.02.13"]
[Round "4"]
[White "mary-sanna"]
[Black "GMthekingindian"]
[Result "0-1"]
[WhiteElo "2156"]
[BlackElo "2335"]
[TimeControl "180+1"]
[EndTime "8:44:38 PST"]
[Termination "GMthekingindian won by resignation"]

1. d4 d5 2. c4 e6 3. Nf3 c6 4.
g3 Bd6 5. Bg2 Nf6 6. O-O Nbd7 7.
Nc3 O-O 8. Qd3 b6 9. e4 dxe4 10. Nxe4 Nxe4 11. Qxe4 Bb7 12. Rd1 Qc7 13. Ng5 Nf6 14. Qe2 h6 15. Ne4 Nxe4 16. Qxe4 Rad8 17. Be3 Be7 18. c5 bxc5 19. dxc5 Rxd1+ 20. Rxd1 Rd8 21. Rxd8+ Qxd8 22. Qa4 a6 23. Bxc6 Bxc6 24. Qxc6 Qd1+ 25. Kg2 Bf6 26. b4 Qc2 27. a4 Qc4 28. b5 Qxa4 29. Qa8+ Kh7 30. b6 Qb5 31. Qe4+ g6 32. b7 Be7 33. c6 Bd6 34. Qf3 Kg8 35. Bxh6 a5 36. Be3 a4 37. Bd4 a3 38. Qf6 Qxc6+ 39.
Kh3 Kf8 40. Qh8+ Ke7 41. b8=Q Bxb8 42. Qxb8 Qd5 43. Qb4+ Ke8 44. Bf6 Qf5+ 45. Kg2 Qxf6 46. Qxa3 Qe7 47. Qf3 Kf8 48. h4 Kg7 49. Qc3+ Kg8 50.
Qe5 Qd7 51. Qe4 Qd6 52. Qa8+ Kg7 53. Qf3 Qe5 54. Qa8 Qf5 55. Qf3 Qe5 56. h5 gxh5 57.
Qd3 Qg5 58. Qd4+ Kh7 59. Qe4+ Qg6 60. Qf3 h4 61. g4 f5 62. Kh3 Qg5 63. gxf5 exf5 64.
Qe3 Kh6 65. Qb6+ Kh5 66. Qd4 Qg4+ 67. Qxg4+ fxg4+ 68. Kg2 Kg5 69. Kh2 Kf4 70. Kg2 Ke4 71. Kf1 Kf3 72. Kg1 h3 73. Kf1 h2 74. Ke1 h1=Q+ 0-1

[Event "Early-Titled-Tuesday-Blitz-February-13-2024"]
[Site "Chess.com"]
[Date "2024.02.13"]
[Round "4"]
[White "InadaC"]
[Black "EvgenyBurmakin"]
[Result "1-0"]
[WhiteElo "2194"]
[BlackElo "2401"]
[TimeControl "180+1"]
[EndTime "8:44:39 PST"]
[Termination "InadaC won by resignation"]

1. Nf3 Nf6 2. g3 g6 3. b3 Bg7 4.
Bb2 O-O 5. Bg2 c5 6. c4 Nc6 7. O-O d6 8. Qc1 e5 9. d3 Be6 10. Nbd2 Rc8 11. e4 Nh5 12. Rd1 f5 13. Nf1 f4 14. a3 Qd7 15. Qc2 Bg4 16. N1d2 Nd4 17. Bxd4 exd4 18. Re1 Rce8 19. b4 b6 20. bxc5 dxc5 21.
a4 Rf7 22. a5 Ref8 23. Ng5 Re7 24. h3 Be6 25. Nxe6 Rxe6 26. e5 Rxe5 27. Rxe5 Bxe5 28.
Bd5+ Kg7 29. g4 Nf6 30. f3 Nxd5 31. cxd5 Qxd5 32. axb6 axb6 33. Ra7+ Rf7 34. Rxf7+ Qxf7 35. Ne4 Qd5 36. Qa4 Qe6 37. Qb5 Bc7 38. Kf1 h6 39. Kg1 Kf7 40. Kf1 Ke7 41. Qa4 Qd7 42. Qa7 Bd8 43.
Qa8 Kf7 44. Qa2+ Kg7 45. Qb3 Qc6 46. Qc4 Be7 47. Qa6 Qc7 48. Qb5 Qb7 49. Ke2 Kf7 50. Qc4+ Kg7 51. Qb5 Qa7 52. Nd2 Qa5 53. Qd7 Kf7 54.
Qd5+ Kf8 55. Qe5 Qb5 56. Qxf4+ Kg7 57. Qe5+ Bf6 58. Qc7+ Kf8 59. Qb8+ Kf7 60. Qb7+ Be7 61. Qd5+ Kg7 62. Qe6 Kf8 63. Qxg6 Qb2 64. Qxh6+ Ke8 65. Qc6+ Kd8 66. Qa8+ Kd7 67. Qb7+ Kd8 68. Qd5+ Ke8 69.
f4 b5 70. f5 Bg5 71. Qg8+ Kd7 72. Qxg5 c4 73. Qg7+ Kc6 74. Qf6+ Kc5 75. Qe7+ Kb6 76.
Qd6+ Ka5 77. dxc4 bxc4 78. Qc5+ Ka4 79. Qxc4+ Ka3 80. Qc5+ Ka2 81. Qa5+ Qa3 82. Qxa3+ Kxa3 83. f6 1-0

[Event "Early-Titled-Tuesday-Blitz-February-13-2024"]
[Site "Chess.com"]
[Date "2024.02.13"]
[Round "4"]
[White "ValiantCeleb"]
[Black "levallem"]
[Result "0-1"]
[WhiteElo "2149"]
[BlackElo "2330"]
[TimeControl "180+1"]
[EndTime "8:44:45 PST"]
[Termination "levallem won by checkmate"]

1. d4 d5 2. Bf4 e6 3. e3 Bd6 4. Bg3 Nf6 5. c4 O-O 6. Nc3 Nbd7 7. Bxd6 cxd6 8. cxd5 Nxd5 9. Nxd5 exd5 10. Bd3 Nf6 11. Ne2 Bg4 12. O-O Qb6 13. Qb3 Qxb3 14. axb3 Rfc8 15.
Nc3 Kf8 16. Nb5 Ke7 17. Rxa7 Rxa7 18. Nxa7 Ra8 19. Nb5 Ra2 20. Rb1 Bd7 21. Nc3 Ra8 22.
Kf1 g6 23. Ke2 h5 24. Kd2 Be6 25. Rc1 Bd7 26. f3 h4 27. Bb5 Be6 28. Na4 Kd8 29. Bf1 Nd7 30. g3 hxg3 31. hxg3 Nf6 32. Be2 Nh5 33. g4 Nf6 34. Rh1 Ke7 35. Rc1 Kd8 36.
Bd3 Ne8 37. Bb5 Nc7 38. Bd3 Ne8 39. Rg1 Ke7 40. f4 Nf6 41. f5 gxf5 42. gxf5 Bd7 43.
Nc3 Rh8 44. Rg2 Rh5 45. Rf2 Rh3 46. b4 Ng4 47. Nxd5+ Kf8 48. Rg2 Nh6 49. Nf6 Bc6 50. e4 Ke7 51. Ng4 Nxg4 52. Rxg4 Rh2+ 53. Kc3 Kf6 54. Rg8 b5 55. Rc8 Bd7 56. Rc7 Be8 57. Rb7 Rh3 58. Rb6 Ke7 59. e5 dxe5 60. dxe5 Bd7 61.
Rb7 Kd8 62. f6 Bf5 63. Rxf7 Rxd3+ 64. Kc2 Rd7+ 65. Kc3 Rxf7 66. b3 Be6 67. Kb2 Kc7 68. Ka3 Kc6 69. Ka2 Kd5 70. Ka3 Kxe5 71. Kb2 Rxf6 72.
Ka3 Rf3 73. Kb2 Kd4 74. Ka3 Rxb3+ 75. Ka2 Rxb4+ 76. Ka3 Rc4 77. Kb2 Kc5 78. Ka3 Bf5 79. Kb2 b4 80. Kb3 Rc3+ 81. Kb2 Kc4 82. Ka2 Rc2+ 83. Ka1 b3 84. Kb1 Bd3 85. Ka1 Ra2# 0-1

[Event "Early-Titled-Tuesday-Blitz-February-13-2024"]
[Site "Chess.com"]
[Date "2024.02.13"]
[Round "4"]
[White "SharapovEvgeny"]
[Black "Preobrazhenska_D2011"]
[Result "1-0"]
[WhiteElo "2539"]
[BlackElo "2351"]
[TimeControl "180+1"]
[EndTime "8:44:46 PST"]
[Termination "SharapovEvgeny won by checkmate"]

1. e4 c5 2. Nf3 d6 3. d4 cxd4 4. Nxd4 Nf6 5. f3 e5 6. Nb3 Be6 7. c4 Be7 8. Nc3 Nbd7 9. Be3 h5 10. Be2 b6 11. O-O Rc8 12. Nd5 Bxd5 13. cxd5 h4 14. a4 Nh5 15. Qd2 g5 16. Ba6 Rc7 17. Rfc1 Nc5 18.
Bb5+ Kf8 19. Nxc5 bxc5 20. b4 Nf4 21. bxc5 dxc5 22. Rc2 Bd6 23. Rac1 Qe7 24. Bc6 Kg7 25. Bxc5 Bxc5+ 26. Rxc5 Qd6 27. R5c2 Rb8 28. g3 hxg3 29.
hxg3 Nh3+ 30. Kg2 Rh8 31. Rh1 Qh6 32. Kf1 Qh5 33. Qg2 g4 34. f4 exf4 35. gxf4 Rb8 36. Rxh3 Qxh3 37. Qxh3 gxh3 38. Kg1 Rb1+ 39. Kh2 Rf1 40.
Kxh3 Rxf4 41. e5 Rd4 42. d6 Rc8 43. d7 Rd8 44. Rg2+ Kf8 45. Rf2 Ke7 46. Kg3 Rg8+ 47. Kf3 Rc4 48. Bb5 Rc5 49. Ke4 Rg4+ 50. Kf5 Rd4 51.
Rg2 Rdd5 52. Rg8 Rxe5+ 53. Kf4 Red5 54. Re8+ Kf6 55. d8=Q+ Rxd8 56. Rxd8 Rc1 57. Rd6+ Ke7 58. Ra6 Rc7 59. Ke5 Rb7 60. Kd5 Rc7 61. Rc6 Rd7+ 62. Kc5 Rd2 63. Rc7+ Kf6 64. Rxa7 Kg6 65. Kb6 f5 66. a5 f4 67. Bc6 Rb2+ 68. Kc7 Rc2 69. Kb6 Rb2+ 70. Kc5 Rc2+ 71. Kd6 Rd2+ 72. Ke5 Rf2 73.
Be4+ Kg5 74. Rg7+ Kh4 75. a6 f3 76. a7 Re2 77. a8=Q Kh3 78. Qh8# 1-0

[Event "Early-Titled-Tuesday-Blitz-February-13-2024"]
[Site "Chess.com"]
[Date "2024.02.13"]
[Round "4"]
[White "SlavenPastar"]
[Black "Durarbayli"]
[Result "1/2-1/2"]
[WhiteElo "2618"]
[BlackElo "2922"]
[TimeControl "180+1"]
[EndTime "8:44:48 PST"]
[Termination "Game drawn by repetition"]

1. b3 d5 2. Bb2 c5 3. e3 Nf6 4. Nf3 a6 5. Be2 Nc6 6. d4 cxd4 7. Nxd4 e6 8. O-O Bd6 9. c4 Nxd4 10. Qxd4 e5 11. Qh4 dxc4 12. Bxc4 b5 13. Rd1 Qe7 14.
Bf1 Bb7 15. a4 O-O 16. axb5 axb5 17. Nc3 Rxa1 18. Bxa1 b4 19. Na4 Rd8 20. Nb6 Bc7 21. Rxd8+ Qxd8 22. Nc4 Qd1 23. Bxe5 Bxe5 24. Nxe5 Ba6 25. Nc4 Qxb3 26. Nd2 Qc3 27. Qd4 Qxd4 28. exd4 Bb7 29. Bc4 Kf8 30. Kf1 Ke7 31. f3 Ne8 32.
Ke2 Nd6 33. Kd3 f5 34. Nb3 g5 35. Nc5 Bc6 36. Na6 b3 37. Nc5 b2 38. Ba2 Bd5 39.
Bb1 g4 40. Kc2 gxf3 41. gxf3 Nc4 42. Kc3 Kf6 43. Nd3 Na3 44. Kxb2 Nxb1 45. Kxb1 Bxf3 46. Kc1 Be4 47. Kd2 Kg5 48. Ke3 Bd5 49. Nf4 Bc6 50. d5 Bd7 51. Ne6+ Kf6 52. Nd4 Ke5 53. Ne2 Kxd5 54. Nf4+ Ke5 55. Kf3 Bc6+ 56. Kg3 Bb5 57. h4 h6 58. Nh3 Bf1 59. Nf4 Ke4 60. Ng6 Bb5 61. Nf4 Be8 62. Ng2 Bh5 63. Nf4 Bg4 64. Ng6 Kd5 65. Nf4+ Ke5 66. Ng2 Bh5 67. Nf4 Be8 68. Ng2 Bc6 69. Nf4 Kf6 70.
Nh3 Bb7 71. Nf4 Ke5 72. Nh3 Ke4 73. Nf4 Ke3 74. Nh3 Bc6 75. Nf4 Be8 76. Ne6 Bh5 77. Nf4 Bg4 78. Ne6 h5 79. Nf4 Ke4 80. Ng6 Kd4 81. Nf4 Ke5 82. Ng6+ Kf6 83. Nf4 Ke5 84. Ng2 Bd1 85. Nf4 Bg4 1/2-1/2

[Event "Early-Titled-Tuesday-Blitz-February-13-2024"]
[Site "Chess.com"]
[Date "2024.02.13"]
[Round "4"]
[White "GulamaliRises"]
[Black "lachesisQ"]
[Result "0-1"]
[WhiteElo "2635"]
[BlackElo "3052"]
[TimeControl "180+1"]
[EndTime "8:44:50 PST"]
[Termination "lachesisQ won by checkmate"]

1. e4 c5 2. Nf3 d6 3. d4 cxd4 4. Nxd4 Nf6 5. Nc3 a6 6. Be3 Ng4 7. Bc1 Nf6 8. Be3 e5 9. Nb3 Be7 10. f3 Be6 11. Qd2 h5 12. Be2 Nbd7 13. Nd5 Bxd5 14.
exd5 a5 15. Rc1 a4 16. Na1 Qb8 17. c4 Bd8 18. Nc2 O-O 19. O-O Ba5 20. Qd3 Re8 21. Qf5 g6 22. Qg5 Qd8 23. Qh4 Bb6 24. Qf2 Bxe3 25.
Qxe3 Qa5 26. Na3 Kg7 27. Nb5 Ra6 28. Kh1 Qd8 29. b4 axb3 30. axb3 h4 31. Ra1 Qb8 32. b4 Nh5 33. Ra3 Nf4 34. Rfa1 h3 35. g3 Ng2 36.
Qc3 Rxa3 37. Rxa3 Nf6 38. Ra7 e4 39. f4 e3 40. c5 dxc5 41. bxc5 Re7 42. d6 Re6 43. d7 Kh7 44. Qd4 Qd8 45. Rxb7 Re4 46. Qd3 Ra4 47. Nc3 Ra1+ 48. Rb1 Rxb1+ 49. Nxb1 Qxd7 50.
Qxd7 Nxd7 51. c6 Nb6 52. Nc3 Ne1 53. Bf1 Nf3 54. Bxh3 Nd4 55. Bf1 Nxc6 56. Kg2 Nd4 57. Ne2 Nb3 58. Ng1 Nd2 59. Be2 Nd5 60. Nf3 Nc3 61. Ng5+ Kg7 62. Bf3 Kf6 63. h4 Ke7 64. h5 gxh5 65. Bxh5 f6 66. Nf3 Nc4 67. Nd4 Kd6 68. Ne2 Nb1 69. Bf3 Nbd2 70. g4 Kc5 71. g5 fxg5 72. fxg5 Ne5 73. Be4 Nxe4 74. g6 Nf6 75. g7 Kd5 76. Ng3 Kd4 77. Nf5+ Ke4 78. Nxe3 Kxe3 79. Kg3 Ng8 80. Kh4 Ke4 81. Kh5 Kf5 82. Kh4 Kf4 83. Kh3 Ng4 84. Kh4 Nf2 85. Kh5 Kg3 86. Kg6 Ng4 87. Kg5 N4h6 88. Kh5 Kf4 89. Kg6 Kg4 90. Kh7 Kg5 91. Kh8 Kh5 92. Kh7 Nf6+ 93. Kh8 Nf7# 0-1

[Event "Early-Titled-Tuesday-Blitz-February-13-2024"]
[Site "Chess.com"]
[Date "2024.02.13"]
[Round "4"]
[White "Leebit02"]
[Black "BardArtem"]
[Result "0-1"]
[WhiteElo "2555"]
[BlackElo "2783"]
[TimeControl "180+1"]
[EndTime "8:44:53 PST"]
[Termination "BardArtem won on time"]

1. d4 Nf6 2. c4 b6 3. Nf3 Bb7 4.
g3 g6 5. Bg2 Bg7 6. O-O O-O 7.
Re1 e6 8. Nc3 Ne4 9. Qc2 Nxc3 10.
bxc3 d6 11. e4 Nd7 12. a4 a5 13. Ba3 Re8 14. Rab1 Qc8 15. h4 h6 16. Nd2 e5 17.
Qd3 Kh7 18. h5 g5 19. Bh3 Qd8 20. Nf1 Nf6 21. Bf5+ Kh8 22. Qf3 Bc8 23. Ne3 Bxf5 24. Nxf5 Qd7 25. Nxh6 g4 26. Qf5 Qxf5 27. Nxf5 exd4 28.
cxd4 Nxe4 29. Rb3 Nd2 30. Rxe8+ Rxe8 31. Re3 Rxe3 32. fxe3 Nxc4 33. Bc1 c5 34. Kf2 cxd4 35. exd4 d5 36. Ke2 Bf8 37. Kd3 f6 38. Bf4 Nb2+ 39.
Kc2 Nxa4 40. Bc7 Kg8 41. Bd8 Kf7 42. Ne3 Ke6 43. Nxg4 f5 44. Ne5 Bh6 45. Nf3 Be3 46. Kb3 b5 47. Bxa5 Kd7 48. Nh4 Bxd4 49. Nxf5 Bf6 50.
Ne3 Kc6 51. Ng4 Bh8 52. h6 Nc5+ 53. Kc2 d4 54. Bb4 d3+ 55. Kd1 Ne4 56. Bf8 Bc3 57. Bg7 b4 58. Bxc3 bxc3 59. h7 c2+ 60. Kc1 Nc3 61.
h8=Q Na2+ 62. Kb2 c1=Q+ 63. Kxa2 d2 64. Qf6+ Kb5 65. Qe5+ Kc6 66. Qe4+ Kc7 67. Qf4+ Kb7 68. Qe4+ Ka6 69. Qe6+ Kb7 70. Qd5+ Kb6 71. Qd4+ Kb5 72. Qd3+ Kc5 73. Ne3 Kb4 74. Qd4+ Kb5 75. Qd5+ Kb6 76.
Qb3+ Kc7 77. Qc2+ Qxc2+ 78. Nxc2 d1=Q 79. Kb2 Qg4 0-1

[Event "Early-Titled-Tuesday-Blitz-February-13-2024"]
[Site "Chess.com"]
[Date "2024.02.13"]
[Round "4"]
[White "InitiatingASC"]
[Black "BelaKis"]
[Result "1-0"]
[WhiteElo "2412"]
[BlackElo "2193"]
[TimeControl "180+1"]
[EndTime "8:44:58 PST"]
[Termination "InitiatingASC won on time"]

1. d4 Nf6 2. c4 g6 3. Nc3 Bg7 4.
e4 d6 5. Nf3 O-O 6. Be2 a6 7.
h3 Nbd7 8. Be3 c5 9. O-O b6 10.
Qd2 Bb7 11. d5 b5 12. cxb5 axb5 13. Bxb5 Ba6 14. Qc2 Qa5 15. Bxa6 Rxa6 16. Nd2 Rb8 17. Nc4 Qc7 18. b3 Nb6 19. Nxb6 Qxb6 20. Bg5 h6 21. Bxf6 Bxf6 22. Rab1 Qb4 23. Ne2 Ra3 24. Rbd1 Rba8 25. Nc1 Qc3 26. Rd2 Qxc2 27. Rxc2 Bg5 28. f4 Bf6 29. Re1 Bd4+ 30. Kf1 h5 31. Ree2 Kg7 32. Nd3 Rb8 33. Ne1 Kg8 34. Nf3 Bg7 35. e5 Rb4 36.
g3 Ra8 37. h4 Ra3 38. Kf2 Ra8 39. Ng5 Bf8 40. Ne4 Kg7 41. Kf3 Ra3 42. Re3 Rb5 43. Rd3 Rb4 44. Rdd2 Rb5 45. Rc4 Raa5 46. Rdc2 Rb6 47.
Nd2 Rba6 48. a4 Rb6 49. Ke4 Kg8 50. R2c3 Bg7 51. Rd3 Kf8 52. Nf3 Ke8 53. Ng5 Ra8 54.
e6 f5+ 55. Ke3 Rab8 56. Nf7 Rxb3 57. a5 Rxd3+ 58. Kxd3 Rb3+ 59. Ke2 Ra3 60. Rc1 Rxa5 61. Rb1 Ra8 62. Rb7 Bf6 63. Kf2 Rc8 64. Ke2 c4 65.
Kd2 c3+ 66. Kc2 Ra8 67. Rd7 Kf8 68. Nxd6 Ra2+ 69. Kd3 Rd2+ 70. Ke3 Rxd5 71. Rd8+ Kg7 72. Ne8+ Kh7 73. Rxd5 Bh8 74. Rc5 Kg8 75. Nc7 Kf8 76. Nd5 Kg7 77. Rc8 Kh6 78. Nxc3 Bxc3 79. Rd8 Bf6 80.
Rd7 Kg7 81. Kf3 Kf8 82. Rc7 Kg7 83. Rb7 Kg8 84. Rb6 Kg7 85. Rb8 Kh7 86. Rf8 Kg7 87. Rf7+ Kg8 88. Kf2 Kh8 89. Ke3 Kg8 90. Kd3 Kh8 91.
Kc4 Kg8 92. Kd5 Bc3 93. Rxe7 Be1 94. Re8+ Kg7 95. Kd6 Bxg3 96. Kd7 Bxf4 97. e7 Bg3 98. Ra8 Bxh4 99. e8=Q 1-0

[Event "Early-Titled-Tuesday-Blitz-February-13-2024"]
[Site "Chess.com"]
[Date "2024.02.13"]
[Round "4"]
[White "DanielDardha2005"]
[Black "Bigfish1995"]
[Result "1/2-1/2"]
[WhiteElo "2911"]
[BlackElo "3170"]
[TimeControl "180+1"]
[EndTime "8:44:59 PST"]
[Termination "Game drawn - insufficient material"]

1. d4 d5 2. c4 c6 3. Nf3 Nf6 4.
e3 e6 5. Bd3 b6 6. Nbd2 Bb7 7.
e4 dxe4 8. Nxe4 Nbd7 9. O-O Be7 10. Qe2 O-O 11. b3 c5 12. Bb2 Re8 13. Rad1 Qc7 14.
dxc5 Nxe4 15. Bxe4 Nxc5 16. Bc2 Qf4 17. b4 Bxf3 18.
Qxf3 Qxf3 19. gxf3 Na6 20. a3 Red8 21. Be5 f6 22. Bf4 e5 23. Be3 Nc7 24. c5 bxc5 25. bxc5 Nb5 26. c6 Bxa3 27. Rd7 Rxd7 28. cxd7 Rd8 29.
Rd1 Kf7 30. Ba4 Nc3 31. Bb3+ Ke7 32. Rd3 Bb4 33. Bxa7 Rxd7 34. Rxd7+ Kxd7 35. Kg2 Ne2 36. Be3 Kd6 37. Bc4 Nc3 38. Bg8 h6 39. Bh7 Nd5 40. Be4 Bc5 41. Bd2 Ne7 42. Bc2 g5 43. h4 Nd5 44. hxg5 fxg5 45. Be4 Nf6 46. Bf5 Ke7 47.
Bc3 Bd6 48. Kh3 Kf7 49. Bc2 Kg7 50. Bd3 Nd5 51. Bd2 Kf6 52. Be4 Ne7 53. Kg4 Kg7 54.
Kh5 Ng8 55. Kg4 Nf6+ 56. Kf5 Kf7 57. Bc2 Bc5 58. Bb3+ Kg7 59. Kxe5 Bxf2 60. Kf5 Bd4 61. Be1 Nh5 62. Kg4 Nf4 63. Bd2 Ng6 64. Kf5 Be5 65.
Ke4 Bf4 66. Bc3+ Kh7 67. Kf5 h5 68. Kf6 h4 69. Bc2 h3 70. Bxg6+ Kh6 71. Kf7 g4 72. fxg4 Kg5 73. Be4 Kxg4 74. Bh1 h2 75. Bd4 Kg3 76. Ke6 Bd2 77. Kf5 Be1 78. Be5+ Kh3 79. Ke4 Bg3 80. Bf6 Kg4 81. Bg2 Bb8 82. Bf3+ Kg3 83. Bh1 Kf2 84. Bd4+ Ke2 85. Kf5 Kd3 86. Bb6 Ke2 87. Kg4 Kd3 88. Kh3 Kc4 89. Ba7 Bxa7 90. Kxh2 1/2-1/2